 Dungeon Crawl Stone Soup version 0.20.1-1-g8b1a95d (webtiles) character file.

5042 Ladhar the Cleaver (level 10, -1/78 HPs)
             Began as a Minotaur Fighter on Oct 24, 2017.
             Was a Priest of Trog.
             Slain by a troll (5 damage)
             ... on level 9 of the Dungeon.
             The game lasted 00:30:07 (8181 turns).

Ladhar the Cleaver (Minotaur Fighter)               Turns: 8181, Time: 00:30:08

Health: -1/78      AC: 11    Str: 28    XL:     10   Next: 30%
Magic:  9/9        EV:  8    Int:  5    God:    Trog [***...]
Gold:   422        SH: 12    Dex: 11    Spells: 9/9 levels left

rFire    . . .     SeeInvis .   a - +0 war axe
rCold    . . .     Gourm    .   c - +0 shield
rNeg     . . .     Faith    .   b - +0 scale mail
rPois    +         Spirit   .   (helmet restricted)
rElec    .         Reflect  .   d - +0 cloak
rCorr    .         Harm     .   D - +1 pair of gloves
MR       .....                  C - +0 pair of boots
Stlth    +.........             w - amulet of magic regeneration
Regen    0.3/turn               u - ring of poison resistance
MPRegen  0.2/turn               y - ring of stealth

@: mighty
A: retaliatory headbutt, horns 2
a: Berserk, Trog's Hand, Burn Spellbooks, Renounce Religion


You were on level 9 of the Dungeon.
You worshipped Trog.
Trog was most pleased with you.
You were not hungry.

You visited 2 branches of the dungeon, and saw 10 of its levels.

You collected 422 gold pieces.

Inventory:

Hand Weapons
 a - a +0 war axe (weapon)
 p - a +1 mace of protection
 J - a +2 whip of flaming
Armour
 b - a +0 scale mail (worn)
 c - a +0 shield (worn)
 d - a +0 cloak (worn)
 C - a +0 pair of boots (worn)
 D - a +1 pair of gloves (worn)
Jewellery
 u - a ring of poison resistance (left hand)
 w - an amulet of magic regeneration (around neck)
 y - a ring of stealth (right hand)
 I - an uncursed amulet of the gourmand {unknown}
Wands
 K - a wand of lightning (10/15)
Scrolls
 e - a scroll of noise {unknown}
 g - 3 scrolls of teleportation
 h - 4 scrolls of remove curse
 m - a scroll of enchant armour {unknown}
 o - a scroll of fog {unknown}
 q - a scroll of recharging {unknown}
 r - 5 scrolls of identify
 t - a scroll of enchant weapon {unknown}
 E - a scroll of fear {unknown}
 G - a scroll of blinking {unknown}
 H - a scroll of amnesia {unknown}
Potions
 i - a potion of ambrosia {unknown}
 k - 3 potions of curing
 l - a potion of invisibility {unknown}
 n - a potion of brilliance {unknown}
 s - 2 potions of cancellation {unknown}
 v - a potion of resistance {unknown}
 z - a potion of might
 A - 2 potions of heal wounds {unknown}
 B - a potion of haste {unknown}
Comestibles
 f - 6 bread rations
 j - 4 meat rations
 x - 8 fruits
 F - 3 royal jellies


   Skills:
 - Level 3.9 Fighting
 * Level 14.7(15.0) Axes
 - Level 5.3(11.1) Maces & Flails
 - Level 3.8 Armour
 - Level 0.2 Dodging
 + Level 8.7 Shields


You had 9 spell levels left.
You didn't know any spells.

Dungeon Overview and Level Annotations

Branches:
Dungeon (9/15)             Temple (1/1) D:4
   Lair: D:8-11         Orc: D:9-12

Altars:
Ashenzari
Cheibriados
Dithmenos
Elyvilon
Fedhas
Gozag
Hepliaklqana
Kikubaaqudgha
Makhleb
Nemelex Xobeh
Okawaru
Qazlal
Ru
Sif Muna
Trog
Uskayaw
Vehumet
Xom
Yredelemnul
Zin
The Shining One

Shops:
D:4 [


Innate Abilities, Weirdness & Mutations

You reflexively headbutt those who attack you in melee.
You have a pair of horns on your head.


Message History

The hound barely misses you. You furiously retaliate!
You headbutt the hound!
You are too injured to fight recklessly!
You are too injured to fight recklessly!
You are too injured to fight recklessly!
You closely miss the hound. Your headbutt misses the hound.
The hound is heavily wounded.
You hit the wolf. You closely miss the troll. The hound closely misses you.
The troll bites you! The troll claws you.
The troll claws you but does no damage. The wolf bites you but does no damage.
You feel very mighty all of a sudden. The wolf bites you but does no damage.
The hound bites you but does no damage. The troll bites you!
* * * LOW HITPOINT WARNING * * *
You block the troll's attack. x2; The wolf bites you.
* * * LOW HITPOINT WARNING * * *
The hound bites you but does no damage. You block the troll's attack.
The troll claws you!
* * * LOW HITPOINT WARNING * * *
The troll claws you.
You die...

...)...................#
.......................#
.......................#
.......................#
.......................#
.......................
.......................
..............hh.......
..............T@>......
##########..###########
#......... #.........
........≈≈≈..≈≈
........h..≈.;≈
.........≈≈≈≈h≈
######..≈≈≈≈≈≈.
#..≈≈≈≈h≈.


You could see a troll, a wolf and a hound.

Vanquished Creatures
  The ghost of Scaveo the Cleaver, a novice DrBe of Trog (D:7)
  2 centaur zombies (D:8)
  A hippogriff (D:8)
  6 yaks (D:7)
  A hungry ghost (D:7)
  Eustachio (D:3)
  An orc warrior (D:8)
  An ice beast (D:3)
  2 sky beasts
  A black bear (D:5)
  The ghost of Ladhar the Shield-Bearer, an amateur MiFi (D:3)
  3 ogres
  2 phantoms (D:6)
  3 centaurs
  A crocodile (D:8)
  6 bullfrogs
  A scorpion (D:7)
  4 howler monkeys
  2 crimson imps
  A bullfrog zombie (D:8)
  A hound (D:5)
  3 orc priests
  A centaur skeleton (D:4)
  3 jellies
  2 orc wizards
  10 worker ants
  4 iguanas
  A worker ant zombie (D:7)
  5 gnolls
  17 adders
  3 shadow imps
  An ooze (D:1)
  2 worms
  2 dart slugs
  3 leopard geckos
  15 orcs
  3 giant cockroaches
  9 goblins
  5 hobgoblins
  10 jackals
  7 kobolds
  4 quokkas
  A ball python (D:2)
  5 bats
  2 frilled lizards (D:3)
  A jackal skeleton (D:3)
  A jackal zombie (D:6)
  A quokka zombie (D:9)
  6 rats
169 creatures vanquished.

Notes
Turn   | Place    | Note
-------+----------+-------------------------------------------
     0 | D:1      | Ladhar the Minotaur Fighter began the quest for the Orb.
     0 | D:1      | Reached XP level 1. HP: 19/19 MP: 0/0
   334 | D:1      | Reached XP level 2. HP: 27/27 MP: 1/1
   565 | D:2      | Reached skill level 3 in Axes
   573 | D:2      | Reached XP level 3. HP: 28/33 MP: 2/2
  1126 | D:2      | Reached skill level 4 in Axes
  1305 | D:2      | Reached XP level 4. HP: 40/40 MP: 3/3
  1485 | D:3      | Found a bloodstained altar of Trog.
  1490 | D:3      | Became a worshipper of Trog the Wrathful
  1655 | D:3      | Noticed Ladhar's ghost (amateur MiFi)
  1675 | D:3      | Killed Ladhar's ghost
  1675 | D:3      | Reached skill level 5 in Axes
  1675 | D:3      | Reached XP level 5. HP: 24/46 MP: 4/4
  1835 | D:3      | Found a white marble altar of Elyvilon.
  1914 | D:3      | Reached skill level 5 in Shields
  2285 | D:3      | Reached XP level 6. HP: 49/52 MP: 5/5
  2337 | D:3      | Noticed an ice beast
  2353 | D:3      | Killed an ice beast
  2353 | D:3      | Reached * piety under Trog
  2622 | D:4      | Noticed Eustachio
  2722 | D:3      | Killed Eustachio
  2722 | D:3      | Reached skill level 6 in Axes
  2722 | D:3      | Reached skill level 5 in Maces & Flails
  2722 | D:3      | Reached XP level 7. HP: 41/58 MP: 6/6
  3182 | D:4      | Found Pumeirom's Antique Armour Emporium.
  3468 | D:4      | Found a staircase to the Ecumenical Temple.
  3485 | D:5      | Entered Level 5 of the Dungeon
  3900 | D:5      | Reached skill level 7 in Axes
  4064 | D:5      | Reached XP level 8. HP: 66/66 MP: 7/7
  4130 | D:5      | Reached skill level 8 in Axes
  4179 | D:5      | Got a brightly glowing robe
  4564 | D:6      | Found a hazy altar of Hepliaklqana.
  4627 | D:6      | Reached skill level 9 in Axes
  4790 | D:6      | Reached ** piety under Trog
  4941 | D:6      | Reached skill level 10 in Axes
  5409 | D:6      | Reached XP level 9. HP: 71/71 MP: 8/8
  5656 | D:4      | Reached skill level 11 in Axes
  5680 | Temple   | Entered the Ecumenical Temple
  6016 | D:7      | Noticed Scaveo's ghost (novice DrBe)
  6035 | D:7      | Killed Scaveo's ghost
  6200 | D:7      | Reached skill level 12 in Axes
  6703 | D:7      | Reached skill level 13 in Axes
  7203 | D:8      | Reached XP level 10. HP: 39/78 MP: 9/9
  7489 | D:8      | Reached skill level 14 in Axes
  7555 | D:8      | Reached *** piety under Trog
  7580 | D:8      | Found an opulent altar of Gozag.
  8014 | D:8      | Noticed a two-headed ogre
  8097 | D:9      | Found a burning altar of Makhleb.
  8181 | D:9      | Slain by a troll

Skill      XL: |  1  2  3  4  5  6  7  8  9 10 |
---------------+-------------------------------+-----
Shields        | 4 5 6 7 8 |  8.7
Axes           | 3 4 5 6 7 10 13 14 | 14.7
Maces & Flails | 2 3 5 |  5.3
Fighting       | |  3.9
Armour         | |  3.8
Dodging        | |  0.2

Action                   |  1- 3 |  4- 6 |  7- 9 | 10-12 || total
-------------------------+-------+-------+-------+-------++-------
Melee: War axe           |    49 |       |   271 |    84 ||   404
       Headbutt          |     9 |    26 |    59 |    11 ||   105
       Mace              |    23 |   142 |    21 |       ||   186
Invok: Burn Spellbooks   |       |       |     2 |       ||     2
       Trog's Hand       |       |       |     1 |       ||     1
  Use: Scroll            |     1 |       |     2 |     1 ||     4
       Potion            |       |     1 |     1 |     1 ||     3
  Eat: Chunk             |     1 |     5 |     5 |     3 ||    14
       Bread ration      |       |       |     1 |       ||     1
       Fruit             |       |       |     1 |     2 ||     3
       Meat ration       |       |       |     1 |       ||     1
Armor: Scale mail        |    36 |    54 |    76 |    27 ||   193
Dodge: Dodged            |    28 |    34 |    74 |    18 ||   154
Block: Shield            |    44 |    71 |   122 |    30 ||   267
